 Dungeon Crawl Stone Soup version 0.21-a0-270-g8204059 (webtiles) character file.

64699 motkurip the Martial Artist (level 14, 0/108 HPs)
             Began as a Demonspawn Monk on Sept 13, 2017.
             Was the Champion of Makhleb.
             Slain by a ghost moth (5 damage)
             ... on level 4 of the Spider Nest.
             The game lasted 01:01:12 (9340 turns).

motkurip the Martial Artist (Demonspawn Monk)       Turns: 9340, Time: 01:01:13

Health: 0/108      AC: 21    Str: 22 (23) XL:     14   Next: 72%
Magic:  0/18       EV: 13    Int: 12 (13) God:    Makhleb [******]
Gold:   1083       SH:  0    Dex: 25      Spells: 11/13 levels left

rFire    + . .     SeeInvis .     - Unarmed
rCold    . . .     Gourm    .   (no shield)
rNeg     . . .     Faith    .   h - +4 chain mail of the Orb Guardian {rC- Str+5 Int+4}
rPois    +         Spirit   +   (helmet unavailable)
rElec    +         Reflect  .   y - scarf {Spirit}
rCorr    +         Harm     .   z - +0 pair of gloves
MR       +....                  (no boots)
Stlth    ..........             U - amulet "Eriehoenn" {+Rage rElec Dex+4}
HPRegen  0.28/turn              x - ring of poison resistance
MPRegen  0.16/turn              Z - ring of Ceamoilaxt {rCorr Int-3 Dex+5 Slay+2}

@: very slightly contaminated, invisible
A: horns 3, molten scales 3, cold resistance 1, frail 1, powered by pain 2,
spiny 1, strong 1, freezing cloud immunity, subdued magic 1
a: Minor Destruction, Lesser Servant of Makhleb, Major Destruction, Greater
Servant of Makhleb, Renounce Religion, Evoke Berserk Rage


You were on level 4 of the Spider Nest.
You worshipped Makhleb.
Makhleb was exalted by your worship.
You were not hungry.

You visited 4 branches of the dungeon, and saw 23 of its levels.
You also visited: Ice Cave.

You collected 1745 gold pieces.
You spent 662 gold pieces at shops.

Inventory:

Armour
 e - a +0 troll leather armour
 h - the +4 chain mail of the Orb Guardian (worn) {rC- Str+5 Int+4}
   (You found it on level 4 of the Spider Nest)

   It affects your strength (+5).
   It affects your intelligence (+4).
   It makes you vulnerable to cold.
 r - a +0 large shield
 y - a scarf of spirit shield (worn)
 z - a +0 pair of gloves (worn)
 E - a +4 chain mail
Jewellery
 c - a +5 ring of dexterity
 x - a ring of poison resistance (left hand)
 A - an uncursed ring of wizardry
 F - an uncursed amulet of harm
 H - an uncursed amulet of magic regeneration
 U - the amulet "Eriehoenn" (around neck) {+Rage rElec Dex+4}
   (You found it on level 3 of the Spider Nest)

   [amulet of rage]

   It affects your dexterity (+4).
   It insulates you from electricity.
   It lets you go berserk.
 V - an uncursed ring of ice
 Z - the ring of Ceamoilaxt (right hand) {rCorr Int-3 Dex+5 Slay+2}
   (You bought it in a shop on level 2 of the Orcish Mines)

   [ring of resist corrosion]

   It affects your intelligence (-3).
   It affects your dexterity (+5).
   It affects your accuracy and damage with ranged weapons and melee attacks
   (+2).
Wands
 C - a wand of acid (10/15)
 K - a wand of enslavement (5/24)
 N - a wand of acid (3/15)
 O - a wand of acid (5/15)
 R - a wand of iceblast (3/15)
 T - a wand of confusion (28/48)
 Y - a wand of digging (8/24)
Scrolls
 d - 5 scrolls of blinking
 j - a scroll of enchant armour {unknown}
 p - a scroll of immolation {unknown}
 q - 3 scrolls of teleportation
 s - a scroll of torment {unknown}
 v - a scroll of fear
 B - 3 scrolls of magic mapping
 G - 5 scrolls of remove curse
 J - a scroll of acquirement {unknown}
 L - 4 scrolls of enchant weapon
 P - 2 scrolls of recharging {unknown}
Potions
 a - 3 potions of invisibility
 k - 2 potions of magic {unknown}
 l - a potion of agility
 m - 6 potions of brilliance
 n - a potion of resistance
 o - 3 potions of flight
 t - 2 potions of degeneration {unknown}
 D - a potion of mutation {unknown}
 I - a potion of berserk rage {unknown}
 M - 3 potions of heal wounds
 Q - a potion of might {unknown}
Books
 S - a book of Battle

   Spells                             Type                      Level
   a - Infusion                       Charms                       1
   b - Shroud of Golubria             Charms/Translocation         2
   c - Song of Slaying                Charms                       2
   d - Spectral Weapon                Hexes/Charms                 3
   e - Regeneration                   Charms/Necromancy            3
 W - Asha Cerye's Compendium of Quantum Flight
   (You found it in an ice cave)

   Spells                             Type                      Level
   a - Swiftness                      Charms/Air                   2
   b - Shroud of Golubria             Charms/Translocation         2
   c - Summon Lightning Spire         Summoning/Air                4
   d - Summon Forest                  Summoning/Translocation      5
Miscellaneous
 i - a sack of spiders
 u - a lightning rod (4/4)
 w - a lamp of fire (inert)
 X - a phantom mirror
Comestibles
 b - 6 bread rations
 f - 8 meat rations
 g - 14 royal jellies


   Skills:
 - Level 14.0 Fighting
 - Level 11.1 Armour
 - Level 5.5 Dodging
 - Level 1.7 Stealth
 * Level 5.3 Shields
 - Level 14.2 Unarmed Combat
 - Level 6.5 Invocations
 + Level 5.0 Evocations


You had 11 spell levels left.
You knew the following spells:

 Your Spells              Type           Power        Failure   Level  Hunger
a - Blink                 Tloc           N/A          95%         2    ###....


Dungeon Overview and Level Annotations

Branches:
Dungeon (11/15)              Lair (6/6) D:11         Shoals (0/4) Lair:3
 Spider (4/4) Lair:2        Slime (0/5) Lair:6          Orc (2/2) D:9
    Elf (0/3) Orc:2
 Temple: D:4-7

Altars:
Cheibriados
Fedhas
Hepliaklqana
Kikubaaqudgha
Makhleb
Okawaru
Sif Muna
Uskayaw
Wu Jian
Yredelemnul
Beogh
Jiyva

Shops:
D:6 [   Orc:2 =%(

Annotations:
D:5 p0werm0de's ghost, amateur DsFE


Innate Abilities, Weirdness & Mutations

You have a pair of large horns on your head.
You are completely covered in molten scales. (AC +4, rF+)
Your flesh is cold resistant. (rC+)
You sometimes gain power by taking damage.
You are partially covered in sharp spines.
You are immune to freezing clouds.
You are frail. (-10% HP)
Your muscles are strong. (Str +2)
Your spells are a little easier to cast, but a little less powerful.


Message History

Unknown command.
In your confused state, you trip and fall back down the stairs.
* * * LOW HITPOINT WARNING * * *
You feel less confused. The emperor scorpion stings you.
* * * LOW HITPOINT WARNING * * *
The emperor scorpion closely misses you.
The emperor scorpion claws you but does no damage.
The emperor scorpion tears through a web.
Unknown command.
The emperor scorpion closely misses you.
The emperor scorpion misses you.
The emperor scorpion completely misses you.
Something hits you!
* * * LOW HITPOINT WARNING * * *
You feel dopey. Something hits you!
* * * LOW HITPOINT WARNING * * *
Something stings you.
You die...

#≈.## #.......### #..#
##......^..## #..#
#...........###
#.)###.......#.....#
##...##............##
#≈..s##............#
#≈..###............#
##≈s≈##..........#.##
###≈≈..###....s.@...##
..≈≈ss#####.s)#ss...#
.^......##..s.###...#
.^.^..s≈##.†...###..#
≈≈^^.#†.s#......#..##
#...##.......%.....#
#### ##^..........=#
## ###^...........##
#^##..............#


You could see 3 emperor scorpions and an orb spider.

Vanquished Creatures
  Gastronok (Lair:1)
  An orc warlord (Orc:1)
  An emperor scorpion (Spider:4)
  A fire dragon (Lair:6)
  Erolcha (D:9)
  A hydra (Lair:6)
  Erica (D:11)
  2 two-headed ogres (D:10)
  2 death yaks (IceCv)
  Sonja (Lair:1)
  An unseen horror (D:11)
  A lindwurm (Lair:6)
  Pikel (D:9)
  4 orb spiders
  2 orc knights (Orc:1)
  A manticore (D:11)
  8 orc sorcerers
  A cyclops (D:11)
  8 wolf spiders
  5 elephants (Lair:5)
  2 molten gargoyles (Lair:6)
  An ice statue (IceCv)
  A torpor snail (Lair:4)
  8 black mambas
  8 spiny frogs
  4 rime drakes
  5 komodo dragons
  13 jumping spiders
  4 trolls
  14 polar bears (IceCv)
  Prince Ribbit (D:9)
  2 hornets
  7 hippogriffs
  3 dream sheep (Lair:4)
  22 redbacks
  7 tarantellas
  5 wyverns
  43 yaks
  3 wraiths
  2 basilisks (Lair:6)
  6 wargs
  Grum (D:8)
  A steam dragon (Lair:6)
  3 soldier ants
  3 hell hounds (Lair:6)
  3 water moccasins
  7 porcupines
  13 orc warriors
  A black bear (D:7)
  4 slaves (D:9)
  A necrophage (D:10)
  3 phantoms
  2 sky beasts
  4 ogres
  30 wolves
  2 centaurs
  6 crocodiles
  A big kobold (D:9)
  12 bullfrogs
  3 scorpions
  5 wights (D:6)
  2 howler monkeys
  3 lava snakes (Lair:6)
  2 crimson imps
  4 hounds
  6 jellies
  29 orc wizards
  6 orc priests
  A centaur skeleton (D:10)
  4 iguanas
  Jessica (D:2)
  A gnoll shaman (D:6)
  Terence (D:2)
  3 worker ants
  A bullfrog simulacrum (D:11)
  A hound zombie (D:11)
  A worker ant zombie (D:11)
  Robin (D:2)
  5 gnolls (D:6)
  A howler monkey skeleton (D:7)
  6 adders
  A shadow imp (D:10)
  2 ufetubi (D:11)
  2 worms (D:3)
  A dart slug (D:1)
  5 leopard geckos
  72 orcs
  4 bats
  7 giant cockroaches
  12 goblins
  7 hobgoblins
  10 jackals
  12 kobolds
  4 quokkas
  A ball python (D:1)
  4 frilled lizards
  9 rats
542 creatures vanquished.

Vanquished Creatures (collateral kills)
  A frost giant (IceCv)
  An entropy weaver (Spider:2)
  An orb spider (Spider:4)
  An orc sorcerer (Orc:2)
  A polar bear (IceCv)
  A redback (Spider:2)
  A tarantella (Spider:4)
  3 basilisks
  3 wargs (Orc:2)
  A water moccasin (Lair:1)
  3 orc warriors (Orc:1)
  An ogre (Orc:1)
  2 lava snakes (Lair:6)
  3 orc wizards (Orc:2)
  7 orcs
30 creatures vanquished.

Vanquished Creatures (others)
  A redback (Spider:4)
  A tarantella (Spider:4)
  2 fungi
4 creatures vanquished.

Grand Total: 576 creatures vanquished

Notes
Turn   | Place    | Note
-------+----------+-------------------------------------------
     0 | D:1      | motkurip the Demonspawn Monk began the quest for the Orb.
     0 | D:1      | Reached XP level 1. HP: 18/18 MP: 1/1
   105 | D:1      | Gained mutation: You sometimes gain a little power by taking damage. [demonic ancestry]
   105 | D:1      | Reached XP level 2. HP: 16/24 MP: 2/2
   425 | D:2      | Noticed a phantom
   450 | D:2      | Reached XP level 3. HP: 28/29 MP: 3/3
   458 | D:2      | Noticed Terence
   480 | D:2      | Killed Terence
   480 | D:2      | Reached skill level 1 in Armour
   537 | D:2      | Found a burning altar of Makhleb.
   599 | D:2      | Became a worshipper of Makhleb the Destroyer
   599 | D:2      | Reached * piety under Makhleb
   599 | D:2      | Reached ** piety under Makhleb
   648 | D:2      | Gained mutation: You are partially covered in sharp spines. [demonic ancestry]
   648 | D:2      | Reached XP level 4. HP: 29/37 MP: 4/4
   657 | D:2      | Noticed Jessica
   665 | D:2      | Killed Jessica
   731 | D:2      | Noticed Robin
   753 | D:2      | Killed Robin
   802 | D:3      | Gained mutation: You are partially covered in molten scales. (AC +2) [demonic ancestry]
   802 | D:3      | Reached XP level 5. HP: 38/42 MP: 5/5
  1067 | D:3      | Reached *** piety under Makhleb
  1105 | D:3      | Found a blossoming altar of Fedhas.
  1222 | D:3      | Found an ornate altar of the Wu Jian Council.
  1511 | D:5      | Entered Level 5 of the Dungeon
  1554 | D:5      | Noticed p0werm0de's ghost (amateur DsFE)
  1619 | D:4      | Gained mutation: You are mostly covered in molten scales. (AC +3) [demonic ancestry]
  1619 | D:4      | Reached XP level 6. HP: 27/49 MP: 6/6
  1741 | D:5      | Found an iron altar of Okawaru.
  1773 | D:5      | Reached skill level 5 in Fighting
  1885 | D:5      | Found an ancient bone altar of Kikubaaqudgha.
  1891 | D:5      | Gained mutation: You sometimes gain power by taking damage. [demonic ancestry]
  1891 | D:5      | Reached XP level 7. HP: 55/56 MP: 7/7
  1948 | D:6      | Reached **** piety under Makhleb
  1968 | D:6      | Found a snail-covered altar of Cheibriados.
  1968 | D:6      | Found a basalt altar of Yredelemnul.
  1969 | D:6      | Found a hide-covered altar of Uskayaw.
  2012 | D:6      | Reached skill level 1 in Invocations
  2024 | D:6      | Reached skill level 5 in Unarmed Combat
  2097 | D:6      | Found Jattidun's Armour Shoppe.
  2120 | D:6      | Found a hazy altar of Hepliaklqana.
  2174 | D:6      | Gained mutation: You have a pair of small horns on your head. [demonic ancestry]
  2174 | D:6      | Reached XP level 8. HP: 30/64 MP: 10/10
  2365 | D:6      | Reached skill level 5 in Armour
  2460 | D:6      | Bought a scarf of spirit shield for 99 gold pieces
  2460 | D:6      | Bought a +0 pair of gloves for 49 gold pieces
  2674 | D:7      | Noticed a hippogriff
  2683 | D:7      | Killed a hippogriff
  2683 | D:7      | Reached skill level 5 in Invocations
  2683 | D:7      | Gained mutation: Your flesh is cold resistant. (rC+) [demonic ancestry]
  2683 | D:7      | Reached XP level 9. HP: 71/71 MP: 12/12
  2738 | D:8      | Reached ***** piety under Makhleb
  2850 | D:8      | Noticed Grum
  2872 | D:8      | Killed Grum
  3117 | D:8      | Paralysed by a hornet for 1 turns
  3514 | D:9      | Noticed Pikel
  3524 | D:9      | Killed Pikel
  3524 | D:9      | Reached XP level 10. HP: 80/80 MP: 14/14
  3562 | D:9      | Noticed Prince Ribbit
  3581 | D:9      | Killed Prince Ribbit
  3584 | D:9      | Found a staircase to the Orcish Mines.
  3591 | Orc:1    | Entered Level 1 of the Orcish Mines
  3591 | Orc:1    | Noticed an orc knight
  3592 | Orc:1    | Noticed an orc sorcerer
  3596 | Orc:1    | Noticed an orc warlord
  3601 | Orc:1    | Noticed a sun demon
  3835 | D:9      | Learned a level 2 spell: Blink
  3862 | D:9      | Noticed Erolcha
  3874 | D:9      | Killed Erolcha
  3913 | D:10     | Entered Level 10 of the Dungeon
  3926 | D:10     | Got a smoking dagger
  3927 | D:10     | Identified the +5 dagger of Karma {flame, rElec rF+ rC+} (You found it on level 10 of the Dungeon)
  3996 | D:10     | Noticed a two-headed ogre
  4006 | D:10     | Killed a two-headed ogre
  4006 | D:10     | Reached skill level 10 in Unarmed Combat
  4031 | D:10     | Gained mutation: Your spells are a little easier to cast, but a little less powerful. [mutagenic meat]
  4032 | D:10     | Gained mutation: You do not regenerate when monsters are visible. [mutagenic meat]
  4033 | D:10     | Lost mutation: You do not regenerate when monsters are visible. [mutagenic meat]
  4034 | D:10     | Gained mutation: Your muscles are strong. (Str +2) [mutagenic meat]
  4035 | D:10     | Gained mutation: You are frail. (-10% HP) [mutagenic meat]
  4173 | D:11     | Found a frozen archway.
  4181 | D:11     | Gained mutation: You have a pair of horns on your head. [demonic ancestry]
  4181 | D:11     | Reached XP level 11. HP: 67/80 MP: 15/15
  4188 | IceCv    | Entered an ice cave
  4319 | IceCv    | Found the +3 Elemental Staff {rElec rF++ rC++ MR++ AC+5}
  4418 | IceCv    | Reached skill level 10 in Fighting
  4446 | IceCv    | Noticed a death yak
  4446 | IceCv    | Noticed a death yak
  4461 | IceCv    | Killed a death yak
  4479 | IceCv    | Killed a death yak
  4659 | IceCv    | Noticed a frost giant
  4705 | IceCv    | Killed a frost giant
  4720 | IceCv    | Gained mutation: You have a pair of large horns on your head. [demonic ancestry]
  4720 | IceCv    | Reached XP level 12. HP: 19/90 MP: 9/16
  4768 | IceCv    | Identified the Volume of Torrid Boosts
  4774 | IceCv    | Identified Asha Cerye's Compendium of Quantum Flight
  5265 | D:10     | Noticed a two-headed ogre
  5273 | D:10     | Killed a two-headed ogre
  5522 | D:11     | Reached ****** piety under Makhleb
  5640 | D:11     | Noticed Erica
  5655 | D:11     | Killed Erica
  5716 | D:11     | Found a staircase to the Lair.
  5822 | Orc:1    | Killed an orc warlord
  5822 | Orc:1    | Reached skill level 10 in Armour
  6067 | Orc:2    | Entered Level 2 of the Orcish Mines
  6202 | Orc:2    | Found Cofaew's Weapon Shop.
  6231 | Orc:2    | Found Caymix's Distillery.
  6259 | Orc:2    | Found a roughly hewn altar of Beogh.
  6290 | Orc:2    | Found Xeicas's Food Shop.
  6301 | Orc:2    | Found Adghin's Jewellery Emporium.
  6310 | Orc:2    | Gained mutation: You are immune to freezing clouds. [demonic ancestry]
  6310 | Orc:2    | Reached XP level 13. HP: 98/98 MP: 17/17
  6329 | Orc:2    | Bought the ring of Ceamoilaxt {rCorr Int-3 Dex+5 Slay+2} for 514 gold pieces
  6409 | Orc:2    | Found a staircase to the Elven Halls.
  6782 | Lair:1   | Entered Level 1 of the Lair of Beasts
  6843 | Lair:1   | Noticed Gastronok
  6852 | Lair:1   | Killed Gastronok
  6906 | Lair:1   | Noticed Sonja
  6941 | Lair:1   | Killed Sonja
  7151 | Lair:3   | Found a staircase to the Shoals.
  7242 | Lair:2   | Found a hole to the Spider Nest.
  7723 | Lair:5   | Reached skill level 1 in Evocations
  8001 | Lair:6   | Entered Level 6 of the Lair of Beasts
  8001 | Lair:6   | Found a staircase to the Slime Pits.
  8001 | Lair:6   | Found a viscous altar of Jiyva.
  8084 | Lair:6   | Reached skill level 5 in Dodging
  8084 | Lair:6   | Gained mutation: You are completely covered in molten scales. (AC +4, rF+) [demonic ancestry]
  8084 | Lair:6   | Reached XP level 14. HP: 85/106 MP: 18/18
  8196 | Lair:6   | Found a deep blue altar of Sif Muna.
  8354 | Lair:6   | Found a large runed door.
  8354 | Lair:6   | Found a large runed door.
  8641 | Spider:1 | Entered Level 1 of the Spider Nest
  8773 | Spider:2 | Noticed an entropy weaver
  8777 | Spider:2 | Reached skill level 1 in Shields
  8782 | Spider:2 | Killed an entropy weaver
  8967 | Spider:3 | Got an ancient iron amulet
  8969 | Spider:3 | Identified the amulet "Eriehoenn" {+Rage rElec Dex+4} (You found it on level 3 of the Spider Nest)
  9035 | Spider:4 | Entered Level 4 of the Spider Nest
  9082 | Spider:4 | Noticed an emperor scorpion
  9116 | Spider:4 | Killed an emperor scorpion
  9201 | Spider:4 | Got a pitted chain mail
  9219 | Spider:4 | Identified the +4 chain mail of the Orb Guardian {rC- Str+5 Int+4} (You found it on level 4 of the Spider Nest)
  9264 | Spider:4 | Reached skill level 5 in Shields
  9266 | Spider:4 | Noticed an emperor scorpion
  9267 | Spider:4 | Noticed an emperor scorpion
  9286 | Spider:4 | Noticed an emperor scorpion
  9333 | Spider:4 | Reached skill level 5 in Evocations
  9340 | Spider:4 | HP: 5/108 [something (12)]
  9340 | Spider:4 | Slain by a ghost moth

Vault maps used:
D:1:      dpeg_arrival_leaves_temple_mockup, minmay_misc_feat_doors
D:2:      bloody_makhleb, uniq_jessica, uniq_terence, uniq_robin
D:3:      marbit_many_paths, lemuel_coloured_pillars_altar, first_bread,
          nicolae_ru_the_path_less_chosen
D:4:      nicolae_overflow_hidden_temple
D:5:      okawaru_trees_1, kiku_gazebo_pond_becter,
          minmay_temple_entry_crystal_x, basic_altar, minivault_19
D:6:      minmay_flawed_box, lemuel_crystal_altar,
          gammafunk_temple_overflow_claw, serial_shops,
          nicolae_shop_behind_doors
D:8:      hangedman_pestilent_swarm, uniq_grum
D:9:      minmay_orc_entry_guard_dogs, uniq_erolcha, uniq_prince_ribbit1,
          uniq_pikel
D:11:     lair_entry_dummy, serial_ice, serial_ice_f, serial_ice_d,
          serial_ice_c, serial_ice_a, portal_ice_cave_rime, uniq_erica
Lair:1:   special_room, uniq_sonja, uniq_gastronok
Lair:2:   dummy_spider_entry
Lair:3:   shoals_dummy_entry, serial_bayou_shore_b, infiniplex_staircase_pool,
          lemuel_fruit_fields, minmay_lair_oklob_chamber, grunt_megastairs_4
Lair:6:   cheibrodos_lair_end_hotspot, slime_altar_1, basic_altar
Spider:1: spider_trap, nicolae_crawler_farm, uniq_azrael
Spider:4: grunt_spider_rune_circles, spider_trap
Orc:2:    st_orc_town
IceCv:    ice_cave_caverns_03

Skill      XL: |  1  2  3  4  5  6  7  8  9 10 11 12 13 14 |
---------------+-------------------------------------------+-----
Dodging        | 3 5 |  5.5
Unarmed Combat | 3 4 5 6 8 10 11 12 13 14 | 14.2
Armour         | 1 2 3 4 5 6 7 9 10 11 | 11.1
Fighting       | 4 5 6 8 9 11 12 13 14 | 14.0
Invocations    | 2 5 6 |  6.5
Evocations     | 2 5 |  5.0
Shields        | 5 |  5.3
Stealth        | |  1.7

Action                   |  1- 3 |  4- 6 |  7- 9 | 10-12 | 13-15 || total
-------------------------+-------+-------+-------+-------+-------++-------
Melee: Unarmed           |   165 |   174 |   330 |   546 |   570 ||  1785
       Punch             |     1 |     4 |    12 |    38 |    45 ||   100
       Headbutt          |       |       |    51 |   187 |   190 ||   428
       Staff             |       |       |       |    25 |       ||    25
Invok: Lesser Servant of |       |       |       |    19 |    11 ||    30
       Minor Destruction |       |       |       |     1 |       ||     1
Evoke: Wand              |       |       |       |     1 |     3 ||     4
       Lamp of fire      |       |       |       |       |     1 ||     1
  Use: Scroll            |       |       |    10 |     1 |     6 ||    17
       Potion            |       |       |     1 |     2 |     3 ||     6
 Stab: Sleeping          |       |       |     3 |     3 |       ||     6
       Distracted        |       |       |       |     4 |     1 ||     5
       Confused          |       |       |       |       |     2 ||     2
  Eat: Chunk             |       |     3 |     5 |    11 |     6 ||    25
       Fruit             |       |       |     1 |     5 |     5 ||    11
Armor: Robe              |     4 |       |       |       |       ||     4
       Quicksilver drago |    62 |    64 |   142 |   272 |    61 ||   601
       Chain mail        |       |       |       |       |   315 ||   315
Dodge: Dodged            |   125 |    77 |   170 |   333 |   315 ||  1020

Table legend:
 A = Spawn XP
 B = Non-spawn XP
 C = Spawn XP percentage of total XP
 D = Spawn monster count
 E = Non-spawn monster count
 F = Spawn count percentage of total count
 G = Total turns spent on level
                    A         B        C        D         E        F      G
               +---------+---------+-------+---------+---------+-------+---------
         Total |       0 |   92428 |   0.0 |       0 |     570 |   0.0 |  9340
               +---------+---------+-------+---------+---------+-------+---------
           D:1 |       0 |      40 |   0.0 |       0 |      23 |   0.0 |   471
           D:2 |       0 |     147 |   0.0 |       0 |      30 |   0.0 |   296
           D:3 |       0 |      73 |   0.0 |       0 |      23 |   0.0 |   476
           D:4 |       0 |     192 |   0.0 |       0 |      10 |   0.0 |   441
           D:5 |       0 |     295 |   0.0 |       0 |      10 |   0.0 |   257
           D:6 |       0 |    1544 |   0.0 |       0 |      37 |   0.0 |   548
           D:7 |       0 |     847 |   0.0 |       0 |      15 |   0.0 |   248
           D:8 |       0 |    1866 |   0.0 |       0 |      24 |   0.0 |   585
           D:9 |       0 |    2881 |   0.0 |       0 |      20 |   0.0 |   673
          D:10 |       0 |    3747 |   0.0 |       0 |      20 |   0.0 |   621
          D:11 |       0 |    6478 |   0.0 |       0 |      31 |   0.0 |   640
        Lair:1 |       0 |    6126 |   0.0 |       0 |      19 |   0.0 |   227
        Lair:2 |       0 |    2434 |   0.0 |       0 |      14 |   0.0 |   201
        Lair:3 |       0 |    1952 |   0.0 |       0 |       8 |   0.0 |   316
        Lair:4 |       0 |    2841 |   0.0 |       0 |       9 |   0.0 |   177
        Lair:5 |       0 |    4642 |   0.0 |       0 |      16 |   0.0 |   337
        Lair:6 |       0 |   11629 |   0.0 |       0 |      46 |   0.0 |   584
      Spider:1 |       0 |    3031 |   0.0 |       0 |       9 |   0.0 |    74
      Spider:2 |       0 |    5161 |   0.0 |       0 |      14 |   0.0 |   101
      Spider:3 |       0 |    3437 |   0.0 |       0 |      10 |   0.0 |   219
      Spider:4 |       0 |    9223 |   0.0 |       0 |      29 |   0.0 |   305
         Orc:1 |       0 |    6064 |   0.0 |       0 |      34 |   0.0 |   361
         Orc:2 |       0 |    5877 |   0.0 |       0 |      71 |   0.0 |   575
         IceCv |       0 |   11901 |   0.0 |       0 |      48 |   0.0 |   607
               +---------+---------+-------+---------+---------+-------+---------
